| TOP OF THE 1ST |
|
Chicago White Sox batting - Pitching for Texas Rangers : LHP Fernando Valenzuela
|
|
Pitching: LHP Fernando Valenzuela
|
|
|
Batting: SHB Ozzie Smith
|
0-0: Ball 1-0: Ball 2-0: Foul Ball, location: 2F 2-1: Foul Ball, location: 2F 2-2: SINGLE (Groundball, 56D, EV 96.3 MPH)
|
|
Batting: RHB Steve Henderson
|
0-0: Swinging Strike 0-1: Foul Ball, location: 2F 0-2: Strikes out swinging
|
|
Batting: SHB Dwayne Taggart
|
0-0: Called Strike 0-1: Swinging Strike 0-2: Ball 1-2: Ball 2-2: Ball 3-2: Strikes out swinging
|
|
Batting: RHB Tim Teufel
|
0-0: Called Strike 0-1: Called Strike 0-2: Ball 1-2: Ball 2-2: Foul Ball, location: 2F 2-2: Foul Ball, location: 2F 2-2: Ground out 3-1 (Groundball, 23, EV 80.6 MPH)
|
| Top of the 1st over - 0 runs, 1 hit, 0 errors, 1 left on base; Chicago 0 - Texas 0 |
| BOTTOM OF THE 1ST |
|
Texas Rangers batting - Pitching for Chicago White Sox : RHP Ray Corbin
|
|
Pitching: RHP Ray Corbin
|
|
|
Batting: LHB Lenny Dykstra
|
0-0: Called Strike 0-1: Called Strike 0-2: Ball 1-2: Foul Ball, location: 2F 1-2: Strikes out swinging
|
|
Batting: RHB Kirby Puckett
|
0-0: Swinging Strike 0-1: Ball 1-1: Bunted foul 1-2: Strikes out looking
|
|
Batting: RHB Steve Balboni
|
0-0: Called Strike 0-1: Hit by Pitch
|
|
Batting: RHB Steve Garvey
|
0-0: Swinging Strike 0-1: Foul Ball, location: 2F 0-2: Reached on error, E6 (Groundball, 6, EV 86.9 MPH) Steve Balboni to second
|
|
Batting: LHB Jody Helser
|
0-0: Called Strike 0-1: Fielders Choice at 2nd, 6-4 (Groundball, 6, EV 84.4 MPH)
|
| Bottom of the 1st over - 0 runs, 0 hits, 1 error, 2 left on base; Chicago 0 - Texas 0 |
| TOP OF THE 2ND |
|
Chicago White Sox batting - Pitching for Texas Rangers : LHP Fernando Valenzuela
|
|
Batting: LHB Mitchell Page
|
0-0: Called Strike 0-1: Foul Ball, location: 2F 0-2: Foul Ball, location: 2F 0-2: Ball 1-2: Ball 2-2: Ball 3-2: Ground out 4-3 (Groundball, 34, EV 103.1 MPH)
|
|
Batting: RHB Kevin McReynolds
|
0-0: Ball 1-0: Foul Ball, location: 2F 1-1: Fly out, F8 (Line Drive, 8LD, EV 95.6 MPH)
|
|
Batting: LHB Ryan MacFarland
|
0-0: Called Strike 0-1: Ball 1-1: Ball 2-1: Called Strike 2-2: Strikes out looking
|
| Top of the 2nd over - 0 runs, 0 hits, 0 errors, 0 left on base; Chicago 0 - Texas 0 |
| BOTTOM OF THE 2ND |
|
Texas Rangers batting - Pitching for Chicago White Sox : RHP Ray Corbin
|
|
Batting: LHB Richie Hebner
|
0-0: Ball 1-0: Foul Ball, location: 2F 1-1: Ball 2-1: Ball 3-1: Ground out 4-3 (Groundball, 4, EV 83.1 MPH)
|
|
Batting: LHB Ernie Whitt
|
0-0: Called Strike 0-1: Ground out U3 (Groundball, 3D, EV 101.3 MPH)
|
|
Batting: RHB Kim Andrew
|
0-0: Called Strike 0-1: Ground out 4-3 (Groundball, 34, EV 86.3 MPH)
|
| Bottom of the 2nd over - 0 runs, 0 hits, 0 errors, 0 left on base; Chicago 0 - Texas 0 |
| TOP OF THE 3RD |
|
Chicago White Sox batting - Pitching for Texas Rangers : LHP Fernando Valenzuela
|
|
Batting: SHB Wayne Tolleson
|
0-0: Ball 1-0: Ball 2-0: SINGLE (Groundball, 5S, EV 70.0 MPH) (infield hit)
|
|
Batting: LHB Steve Christmas
|
0-0: Fly out, F8 (Flyball, 8LXD, EV 86.9 MPH)
|
|
Batting: SHB Ozzie Smith
|
0-0: Ball Wayne Tolleson is caught stealing 2nd base 2-4 1-0: Ball 2-0: Called Strike 2-1: Ball 3-1: Base on Balls
|
|
Batting: RHB Steve Henderson
|
0-0: Ball 1-0: Ball 2-0: Ball 3-0: Base on Balls Ozzie Smith to second
|
|
Batting: SHB Dwayne Taggart
|
0-0: Foul Ball, location: 2F 0-1: Called Strike 0-2: SINGLE (Groundball, 56D, EV 96.9 MPH) Ozzie Smith to third Steve Henderson to second Runner from 3rd tries for Home, SAFE, throw by LF to home
|
|
Batting: RHB Tim Teufel
|
0-0: Called Strike 0-1: Swinging Strike 0-2: Ball 1-2: Ball 2-2: Ball 3-2: Strikes out swinging
|
| Top of the 3rd over - 1 run, 2 hits, 0 errors, 2 left on base; Chicago 1 - Texas 0 |
| BOTTOM OF THE 3RD |
|
Texas Rangers batting - Pitching for Chicago White Sox : RHP Ray Corbin
|
|
Batting: RHB Juan Samuel
|
0-0: Called Strike 0-1: Ball 1-1: Foul Ball, location: 2F 1-2: Ball 2-2: Foul Ball, location: 2F 2-2: Fly out, F9 (Flyball, 89S, EV 84.4 MPH)
|
|
Batting: LHB Lenny Dykstra
|
0-0: Ground out U3 (Groundball, 3L, EV 98.8 MPH)
|
|
Batting: RHB Kirby Puckett
|
0-0: Ball 1-0: Foul Ball, location: 2F 1-1: Foul Ball, location: 2F 1-2: Fly out, F9 (Flyball, 89D, EV 101.9 MPH)
|
| Bottom of the 3rd over - 0 runs, 0 hits, 0 errors, 0 left on base; Chicago 1 - Texas 0 |
| TOP OF THE 4TH |
|
Chicago White Sox batting - Pitching for Texas Rangers : LHP Fernando Valenzuela
|
|
Batting: LHB Mitchell Page
|
0-0: Called Strike 0-1: Ball 1-1: Called Strike 1-2: SINGLE (Line Drive, 34, EV 95.0 MPH)
|
|
Batting: RHB Kevin McReynolds
|
0-0: Foul Ball, location: 2F 0-1: Ball 1-1: Swinging Strike 1-2: Foul Ball, location: 2F 1-2: Foul Ball, location: 2F 1-2: Strikes out looking
|
|
Batting: LHB Ryan MacFarland
|
0-0: Called Strike 0-1: Ball 1-1: Ball 2-1: Foul Ball, location: 2F 2-2: Foul Ball, location: 2F 2-2: Ball 3-2: Strikes out swinging Mitchell Page steals 2nd base Batter strikes out.
|
|
Batting: SHB Wayne Tolleson
|
0-0: Ball 1-0: Ball 2-0: Fly out, F8 (Line Drive, 8RD, EV 96.9 MPH)
|
| Top of the 4th over - 0 runs, 1 hit, 0 errors, 1 left on base; Chicago 1 - Texas 0 |
| BOTTOM OF THE 4TH |
|
Texas Rangers batting - Pitching for Chicago White Sox : RHP Ray Corbin
|
|
Batting: RHB Steve Balboni
|
0-0: Ball 1-0: Ball 2-0: DOUBLE (Line Drive, 9LM, EV 113.1 MPH)
|
|
Batting: RHB Steve Garvey
|
0-0: Ball 1-0: Called Strike 1-1: SINGLE (Flyball, 89M, EV 98.8 MPH) Steve Balboni to third
|
|
Batting: LHB Jody Helser
|
0-0: Called Strike 0-1: Ground out U3 (Groundball, 3S, EV 61.3 MPH) Steve Balboni scores Steve Garvey to second
|
|
Batting: LHB Richie Hebner
|
0-0: Called Strike 0-1: Fly out, F4 (Popup, 4S, EV 79.4 MPH)
|
|
Batting: LHB Ernie Whitt
|
0-0: DOUBLE (Groundball, 5L, EV 101.9 MPH) Steve Garvey scores
|
|
Batting: RHB Kim Andrew
|
0-0: Ball 1-0: Foul Ball, location: 2F 1-1: Swinging Strike 1-2: Ball 2-2: Foul Ball, location: 2F 2-2: Foul Ball, location: 2F 2-2: Ball 3-2: Ground out 5-3 (Groundball, 56S, EV 89.4 MPH)
|
| Bottom of the 4th over - 2 runs, 3 hits, 0 errors, 1 left on base; Chicago 1 - Texas 2 |
| TOP OF THE 5TH |
|
Chicago White Sox batting - Pitching for Texas Rangers : LHP Fernando Valenzuela
|
|
Batting: LHB Steve Christmas
|
0-0: DOUBLE (Flyball, 8LXD, EV 103.1 MPH)
|
|
Batting: SHB Ozzie Smith
|
0-0: Called Strike 0-1: Foul Ball, location: 2F 0-2: Strikes out swinging
|
|
Batting: RHB Steve Henderson
|
0-0: Called Strike 0-1: Ball 1-1: Fly out, F8 (Flyball, 8RM, EV 83.8 MPH)
|
|
Batting: SHB Dwayne Taggart
|
0-0: Ball 1-0: Ball 2-0: Ground out 5-3 (Groundball, 5, EV 84.4 MPH)
|
| Top of the 5th over - 0 runs, 1 hit, 0 errors, 1 left on base; Chicago 1 - Texas 2 |
| BOTTOM OF THE 5TH |
|
Texas Rangers batting - Pitching for Chicago White Sox : RHP Ray Corbin
|
|
Batting: RHB Juan Samuel
|
0-0: Foul Ball, location: 2F 0-1: Called Strike 0-2: Foul Ball, location: 2F 0-2: Ball 1-2: Ball 2-2: Foul Ball, location: 2F 2-2: Ball 3-2: Base on Balls
|
|
Batting: LHB Lenny Dykstra
|
0-0: Called Strike 0-1: Ball 1-1: Ball 2-1: Bunted foul 2-2: Ball 3-2: Foul Ball, location: 2F 3-2: Base on Balls Juan Samuel to second
|
|
Batting: RHB Kirby Puckett
|
0-0: Ball Juan Samuel steals 3rd, throwing error, E2 Juan Samuel scores Lenny Dykstra to third 1-0: Ball 2-0: Ball 3-0: Base on Balls
|
|
Batting: RHB Steve Balboni
|
0-0: Fly out, F8 (Flyball, 8RXD, EV 101.3 MPH) Runner from 3rd tags up, SCORES, no throw by CF
|
|
Batting: RHB Steve Garvey
|
0-0: Ball 1-0: Called Strike 1-1: Foul Ball, location: 2F 1-2: Fly out, F7 (Flyball, 8LM, EV 91.3 MPH)
|
|
Batting: LHB Jody Helser
|
0-0: Ball 1-0: Called Strike 1-1: Fly out, F9 (Flyball, 9LS, EV 69.4 MPH)
|
| Bottom of the 5th over - 2 runs, 0 hits, 1 error, 1 left on base; Chicago 1 - Texas 4 |
| TOP OF THE 6TH |
|
Chicago White Sox batting - Pitching for Texas Rangers : LHP Fernando Valenzuela
|
|
Batting: RHB Tim Teufel
|
0-0: Called Strike 0-1: Ball 1-1: Fly out, F4 (Popup, 34D, EV 58.8 MPH)
|
|
Batting: LHB Mitchell Page
|
0-0: Ball 1-0: Foul Ball, location: 2F 1-1: Called Strike 1-2: Foul Ball, location: 2F 1-2: SOLO HOME RUN (Flyball, 7D, EV 90.0 MPH), Distance : 371 ft
|
|
Batting: RHB Kevin McReynolds
|
0-0: Ball 1-0: Called Strike 1-1: SINGLE (Groundball, 3S, EV 70.0 MPH) (infield hit)
|
|
Batting: LHB Ryan MacFarland
|
0-0: Fly out, F9 (Flyball, 9LM, EV 105.0 MPH)
|
|
Pitching: RHP Williard Kinard
|
|
|
Batting: SHB Wayne Tolleson
|
0-0: Ball 1-0: Ball 2-0: Ball 3-0: Called Strike 3-1: Base on Balls Kevin McReynolds to second
|
|
Batting: LHB Steve Christmas
|
0-0: Ground out U3 (Groundball, 3L, EV 92.5 MPH)
|
| Top of the 6th over - 1 run, 2 hits, 0 errors, 2 left on base; Chicago 2 - Texas 4 |
| BOTTOM OF THE 6TH |
|
Texas Rangers batting - Pitching for Chicago White Sox : RHP Ray Corbin
|
|
Batting: LHB Richie Hebner
|
0-0: Ball 1-0: Ball 2-0: Called Strike 2-1: Ball 3-1: Swinging Strike 3-2: Foul Ball, location: 2F 3-2: Strikes out looking
|
|
Batting: LHB Ernie Whitt
|
0-0: Ball 1-0: Fly out, F8 (Flyball, 8LM, EV 83.8 MPH)
|
|
Batting: RHB Kim Andrew
|
0-0: Called Strike 0-1: Foul Ball, location: 2F 0-2: Foul Ball, location: 2F 0-2: Strikes out looking
|
| Bottom of the 6th over - 0 runs, 0 hits, 0 errors, 0 left on base; Chicago 2 - Texas 4 |
| TOP OF THE 7TH |
|
Chicago White Sox batting - Pitching for Texas Rangers : RHP Williard Kinard
|
|
Batting: SHB Ozzie Smith
|
0-0: Ball 1-0: Ball 2-0: Ball 3-0: Foul Ball, location: 2F 3-1: Base on Balls
|
|
Batting: RHB Steve Henderson
|
0-0: Ball 1-0: Ball 2-0: Foul Ball, location: 2F 2-1: Fly out, F9 (Line Drive, 9S, EV 89.4 MPH)
|
|
Batting: SHB Dwayne Taggart
|
0-0: Swinging Strike 0-1: Ball 1-1: Swinging Strike 1-2: Ball 2-2: Ball 3-2: Base on Balls Ozzie Smith to second
|
|
Batting: RHB Tim Teufel
|
0-0: Called Strike 0-1: Ball 1-1: Ball 2-1: Swinging Strike 2-2: Strikes out looking
|
|
Batting: LHB Mitchell Page
|
0-0: Called Strike 0-1: Foul Ball, location: 2F 0-2: Ball 1-2: Foul Ball, location: 2F 1-2: Strikes out swinging wild pitch, reaches first! Ozzie Smith to third Dwayne Taggart to second
|
|
Batting: RHB Kevin McReynolds
|
0-0: Ball 1-0: Ball 2-0: Ball 3-0: Fly out, F8 (Line Drive, 8LD, EV 91.9 MPH)
|
| Top of the 7th over - 0 runs, 0 hits, 0 errors, 3 left on base; Chicago 2 - Texas 4 |
| BOTTOM OF THE 7TH |
|
Texas Rangers batting - Pitching for Chicago White Sox : RHP Ray Corbin
|
|
Batting: RHB Juan Samuel
|
0-0: Ball 1-0: Foul Ball, location: 2F 1-1: Swinging Strike 1-2: Foul Ball, location: 2F 1-2: Foul Ball, location: 2F 1-2: Strikes out looking
|
|
Batting: LHB Lenny Dykstra
|
0-0: Swinging Strike 0-1: Ball 1-1: Ball 2-1: Foul Ball, location: 2F 2-2: Foul Ball, location: 2F 2-2: Foul Ball, location: 2F 2-2: Ball 3-2: Base on Balls
|
|
Batting: RHB Kirby Puckett
|
0-0: Ball 1-0: Ball 2-0: Ball 3-0: Base on Balls Lenny Dykstra to second
|
|
Batting: RHB Steve Balboni
|
0-0: Ball Lenny Dykstra steals 3rd base 1-0: Ball 2-0: Foul Ball, location: 2F 2-1: Foul Ball, location: 2F 2-2: Ball 3-2: Fly out, F9 (Flyball, 9S, EV 91.3 MPH)
|
|
Batting: RHB Steve Garvey
|
0-0: Ball 1-0: Fly out, F3 (Popup, 3F, EV 72.5 MPH)
|
| Bottom of the 7th over - 0 runs, 0 hits, 0 errors, 2 left on base; Chicago 2 - Texas 4 |
| TOP OF THE 8TH |
|
Chicago White Sox batting - Pitching for Texas Rangers : RHP Williard Kinard
|
|
Batting: LHB Ryan MacFarland
|
0-0: Ball 1-0: Called Strike 1-1: Ball 2-1: Ground out U3 (Groundball, 3L, EV 105.0 MPH)
|
|
Batting: SHB Wayne Tolleson
|
0-0: Swinging Strike 0-1: Ball 1-1: Ball 2-1: Called Strike 2-2: Ball 3-2: Foul Ball, location: 2F 3-2: Base on Balls
|
|
Batting: LHB Steve Christmas
|
0-0: Ball 1-0: Swinging Strike 1-1: Ball 2-1: Called Strike 2-2: SINGLE (Groundball, 34D, EV 103.1 MPH) Wayne Tolleson to second Runner from 2nd tries for 3rd, OUT! 9-5 Steve Christmas to second
|
|
Batting: SHB Ozzie Smith
|
0-0: Ball 1-0: Swinging Strike 1-1: Swinging Strike 1-2: Ball 2-2: Ground out 3-1 (Groundball, 34S, EV 85.0 MPH)
|
| Top of the 8th over - 0 runs, 1 hit, 0 errors, 1 left on base; Chicago 2 - Texas 4 |
| BOTTOM OF THE 8TH |
|
Texas Rangers batting - Pitching for Chicago White Sox : RHP Ray Corbin
|
|
Batting: LHB Jody Helser
|
0-0: Called Strike 0-1: Ball 1-1: Ball 2-1: Ground out 4-3 (Groundball, 4D, EV 101.9 MPH)
|
|
Pitching: LHP Gary Christophel
|
|
|
Batting: LHB Richie Hebner
|
0-0: Ball 1-0: Called Strike 1-1: Fly out, F5 (Line Drive, 5, EV 67.5 MPH)
|
|
Batting: LHB Ernie Whitt
|
0-0: Called Strike 0-1: Foul Ball, location: 2F 0-2: Foul Ball, location: 2F 0-2: Ball 1-2: Ball 2-2: Ball 3-2: Foul Ball, location: 2F 3-2: Strikes out looking
|
| Bottom of the 8th over - 0 runs, 0 hits, 0 errors, 0 left on base; Chicago 2 - Texas 4 |
| TOP OF THE 9TH |
|
Chicago White Sox batting - Pitching for Texas Rangers : RHP Williard Kinard
|
|
Batting: RHB Steve Henderson
|
0-0: Ground out 5-3 (Groundball, 56, EV 110.0 MPH)
|
|
Batting: SHB Dwayne Taggart
|
0-0: Ball 1-0: Fly out, F6 (Popup, 6M, EV 63.8 MPH)
|
|
Pitching: RHP Kent Tekulve
|
|
|
Batting: RHB Tim Teufel
|
0-0: Swinging Strike 0-1: Foul Ball, location: 2F 0-2: Ball 1-2: Foul Ball, location: 2F 1-2: SINGLE (Line Drive, 8RS, EV 101.3 MPH)
|
|
Batting: LHB Mitchell Page
|
0-0: Swinging Strike 0-1: Called Strike 0-2: Ball 1-2: Ball 2-2: Foul Ball, location: 2F 2-2: Ball 3-2: SINGLE (Line Drive, 7S, EV 105.6 MPH) Tim Teufel to second Tim Teufel to third
|
|
Batting: RHB Kevin McReynolds
|
0-0: SINGLE (Groundball, 34D, EV 107.5 MPH) Tim Teufel scores Mitchell Page to second Runner from 2nd tries for 3rd, SAFE, throw by RF made to third
|
|
Batting: LHB Ryan MacFarland
|
0-0: Ball 1-0: Ball 2-0: Ground out 4-3 (Groundball, 34D, EV 104.4 MPH)
|
| Top of the 9th over - 1 run, 3 hits, 0 errors, 2 left on base; Chicago 3 - Texas 4 |
|